AoeStats
← AxD | Cad Bane

Arabia

509219325Analyzed
3v3 RM · 5d ago on Sep 25, 2026· 33m 30s· 6 players
Game mode
Random Map
Map size
Normal (6 player)
Population
200
Speed
Normal
Resources
Standard
Victory
Conquest
Starting age
Dark Age
Ending age
Imperial Age
RankedLock teamsTeams togetherTeam positionsShared explorationLock speedFull tech treeHidden civsTurbo modeCheats
Victory
Defeat
🇨🇱 Turks · Chile
1558
+10
🇦🇷 Inca · Argentina
1479
+13
🇦🇷 Teutons · Argentina
1478
+13
🇵🇪 Persians · Peru
1468
-14
🇨🇴 Britons · Colombia
1427
-12
🇨🇴 Byzantines · Colombia
1350
-10
AxD | Keiokenkun-Uno-Puro
1:08 Loom
11:00 Feudal Age
12:10 Double-Bit Axe
17:42 Fletching
17:41 Horse Collar
25:11 Castle Age
23:46 Padded Archer Armor
23:59 Gold Mining
25:14 Crossbowman
25:50 Bodkin Arrow
28:47 Ballistics
30:04 Wheelbarrow
30:21 Town Watch
32:27 Squires
34:03 Leather Archer Armor
AxD | Cad Bane
5:41 Loom
9:05 Feudal Age
9:40 Double-Bit Axe
20:21 Wheelbarrow
19:56 Scale Barding Armor
20:01 Forging
20:45 Bloodlines
23:56 Castle Age
22:51 Horse Collar
23:43 Gold Mining
25:07 Chain Barding Armor
25:02 Bow Saw
32:47 Husbandry
33:24 Iron Casting
AxD | MatrixWars
6:02 Loom
9:37 Feudal Age
16:24 Fletching
18:19 Double-Bit Axe
24:42 Castle Age
22:43 Horse Collar
23:34 Gold Mining
25:04 Padded Archer Armor
24:50 Crossbowman
25:26 Bodkin Arrow
27:32 Leather Archer Armor
28:09 Bow Saw
29:31 Ballistics
33:22 Wheelbarrow
33:16 Town Watch
[Tunjos]Acordeon
5:58 Loom
8:40 Feudal Age
9:55 Double-Bit Axe
10:44 Horse Collar
14:52 Scale Barding Armor
15:35 Forging
27:52 Castle Age
32:57 Fletching
Jack_el_Guapo
6:58 Loom
9:31 Feudal Age
9:35 Man-at-Arms
10:59 Double-Bit Axe
14:49 Fletching
16:48 Horse Collar
19:25 Padded Archer Armor
19:28 Scale Mail Armor
21:01 Wheelbarrow
24:44 Castle Age
23:51 Gold Mining
26:03 Hand Cart
25:18 Elite Skirmisher
26:02 Squires
26:20 Forging
26:33 Pikeman
27:49 Leather Archer Armor
29:48 Bodkin Arrow
30:08 Chain Mail Armor
30:28 Iron Casting
ACN_Mk
3:51 Loom
9:47 Feudal Age
11:02 Double-Bit Axe
11:00 Horse Collar
17:41 Town Watch
21:27 Castle Age
20:48 Bloodlines
20:58 Gold Mining
21:57 Husbandry
22:06 Scale Barding Armor
28:00 Chain Barding Armor
30:54 Forging
32:04 Bow Saw
Connection lost

Rejoining the realm…

Still unreachable

The connection could not be restored.

Session expired

The server has moved on; the page needs a fresh start.